 Dungeon Crawl Stone Soup version 0.26-a0-646-g5d7718319a (webtiles) character file.

Game seed: 9725926821243478547

36 MrRokkomies the Gusty (level 3, -1/20 HPs)
             Began as a Tengu Air Elementalist on Sept 24, 2020.
             Slain by a hound (6 damage)
             ... on level 2 of the Dungeon.
             The game lasted 00:01:49 (1026 turns).

MrRokkomies the Gusty (Tengu Air Elementalist)      Turns: 1026, Time: 00:01:49

Health: -1/20      AC:  2    Str:  4    XL:     3   Next: 37%
Magic:  1/7        EV: 13    Int: 16    God:
Gold:   93         SH:  0    Dex: 14    Spells: 5/6 levels left

rFire    . . .     SeeInvis .   a - +3 spear (venom)
rCold    . . .     Faith    .   (no shield)
rNeg     . . .     Spirit   .   b - +0 robe
rPois    .         Reflect  .   (helmet restricted)
rElec    .         Harm     .   (no cloak)
rCorr    .         Rampage  .   (no gloves)
MR       .....                  (boots unavailable)
Stlth    ++........             (no amulet)
HPRegen  0.06/turn              e - -4 ring of strength (curse)
MPRegen  0.10/turn              (no ring)

@: no status effects
A: beak, talons 3
a: no special abilities


You were on level 2 of the Dungeon.
You visited 1 branch of the dungeon, and saw 2 of its levels.

You collected 93 gold pieces.

Inventory:

Hand Weapons
 a - a +3 spear of venom (weapon)
Armour
 b - a +0 robe (worn)
Jewellery
 e - a cursed -4 ring of strength (left hand)
Scrolls
 g - 2 scrolls of identify {unknown}
Potions
 c - 2 potions of heal wounds {unknown}
 d - a potion of curing {unknown}
 f - a potion of brilliance {unknown}


   Skills:
 + Level 1.0 Fighting
 + Level 2.5 Dodging
 - Level 2.0 Stealth
 - Level 2.0 Spellcasting
 * Level 2.7 Conjurations
 * Level 4.6 Air Magic


You had 5 spell levels left.
You knew the following spells:

 Your Spells              Type           Power        Failure   Level
a - Shock                 Conj/Air       ##..         4%          1

Your spell library contained the following spells:

 Spells                   Type           Power        Failure   Level
 Swiftness                Air            ###.....     4%          2
 Static Discharge         Conj/Air       ##......     14%         3
 Airstrike                Air            ###.......   30%         4
 Lightning Bolt           Conj/Air       ##........   77%         5


Dungeon Overview and Level Annotations

Branches:
Dungeon (2/15)

Altars:
Dithmenos
Trog


Innate Abilities, Weirdness & Mutations

You have a beak for a mouth.
You have claws for feet.


Message History

Aiming: Shock (safe; 4% risk of failure)
Press: ? - help, Shift-Dir - straight line The zap hits the hound.
The hound is almost dead.
The zap misses the hound.
The hound pauses to sniff the ground.
The hound bites you. The hound closely misses you.
Unknown command.
You closely miss the hound.
The hound is almost dead.
The hound barely misses you.
You closely miss the hound. Your kick misses the hound.
The hound is almost dead.
The hound barely misses you. The hound closely misses you.
You barely miss the hound.
The hound is almost dead.
The hound bites you.
* * * LOW HITPOINT WARNING * * *
The hound bites you.
You die...

############## #............#
#)##########.########
##########(#######............
#.....>........@h†$##.########
#.########.######..##.# #.#
#.# #..##.# #.# #.# .h....#
#.# #.# .#s.##.# #.# #.#
#.#r.##.# #.# #.# # #..##.#
#.# .# ...# #.# #...


You could see a hound.

Vanquished Creatures
  An adder (D:2)
  2 dart slugs (D:2)
  A leopard gecko (D:1)
  A giant cockroach (D:2)
  4 goblins
  4 hobgoblins
  2 bats (D:1)
  2 frilled lizards (D:1)
  4 kobolds (D:2)
  2 rats (D:2)
23 creatures vanquished.

Notes
Turn   | Place    | Note
-------+----------+-------------------------------------------
     0 | D:1      | MrRokkomies the Tengu Air Elementalist began the quest for
                  | the Orb.
     0 | D:1      | Reached XP level 1. HP: 10/10 MP: 4/4
   211 | D:1      | Reached XP level 2. HP: 16/16 MP: 0/6
   615 | D:2      | Found a shadowy altar of Dithmenos.
   628 | D:2      | Found a bloodstained altar of Trog.
   663 | D:2      | Reached XP level 3. HP: 9/20 MP: 4/7
   995 | D:2      | Reached skill level 1 in Fighting
  1026 | D:2      | Slain by a hound

Illustrated notes

Levels and vault maps discovered:
D:1:      lightli_arrival_isolated_outpost, layout_rooms
D:2:      layout_loops_ring, zin_treasury, fedhas_altar_1,
          overflow_temple_1_default, nicolae_dithmenos_shadow_blocks,
          nicolae_gozag_cash_rules_everything_around_me

Skill      XL: |  1  2  3 |
---------------+----------+-----
Conjurations   | 2 |  2.7
Fighting       | 1 |  1.0
Dodging        | |  2.5
Stealth        | |  2.0
Spellcasting   | |  2.0
Air Magic      | |  4.6

Action                   || total
-------------------------++-------
Melee: Spear             ||    39
       Peck              ||     4
       Kick              ||     3
 Cast: Shock             ||    19
  Use: Scroll            ||     1
 Stab: Sleeping          ||     3
Armor: Robe              ||     3
Dodge: Dodged            ||    22

Table legend: (Time is in decaauts)
 A = Elapsed time spent in this place.
 B = Non-inter-level travel time spent in this place.
 C = Inter-level travel time spent in this place.
 D = Time resting spent in this place.
 E = Time spent auto-exploring this place.
 F = Levels seen in this place.
 G = Mean time per level.
                   A        B        C        D        E       F      G
               +--------+--------+--------+--------+--------+-----+--------+
         Total |   1034 |   1003 |     31 |      0 |    864 |   2 |  517.0 |
       Dungeon |   1034 |   1003 |     31 |      0 |    864 |   2 |  517.0 |
               +--------+--------+--------+--------+--------+-----+--------+

Top non-repeatable levels by time:
     D:2: 522 daAuts
     D:1: 512 daAuts
